AoeStats
← OldCharlie131

Arabia

509150894Analyzed
1v1 RM · 7d ago on Sep 25, 2026· 51m 27s· 2 players
Game mode
Random Map
Map size
Tiny (2 player)
Population
200
Speed
Normal
Resources
Standard
Victory
Conquest
Starting age
Dark Age
Ending age
Imperial Age
RankedLock teamsTeams togetherTeam positionsShared explorationLock speedFull tech treeHidden civsTurbo modeCheats
Victory
Defeat
🇩🇪 Danes · Germany
1332
+16
🇨🇳 Goths · China
1329
-16
1521504505
9:51 Feudal Age
10:42 Man-at-Arms
18:02 Forging
24:15 Castle Age
22:44 Double-Bit Axe
22:47 Horse Collar
25:09 Squires
24:30 Long Swordsman
25:11 Loom
26:26 Bow Saw
28:15 Scale Mail Armor
28:27 Scale Barding Armor
29:27 Bloodlines
29:54 Husbandry
32:07 Iron Casting
36:40 Chain Barding Armor
36:38 Chain Mail Armor
37:30 Gold Mining
38:00 Heavy Plow
38:03 Stone Mining
44:46 Imperial Age
42:28 Pikeman
44:37 Anarchy
45:10 Two-Handed Swordsman
47:46 Champion
OldCharlie131
6:06 Loom
9:14 Feudal Age
9:40 Man-at-Arms
18:54 Double-Bit Axe
24:12 Castle Age
23:25 Gold Mining
23:25 Horse Collar
24:24 Crossbowman
27:06 Scale Mail Armor
28:15 Fletching
28:26 Padded Archer Armor
29:35 Bodkin Arrow
30:12 Leather Archer Armor
31:43 Wheelbarrow
30:54 Town Watch
32:44 Squires
34:57 Forging
35:02 Chain Mail Armor
36:03 Hand Cart
41:33 Imperial Age
39:53 Iron Casting
39:31 Bloodlines
39:21 Husbandry
40:41 Thumb Ring
41:57 Cranequins
42:41 Bracer
43:35 Plate Mail Armor
44:52 Heavy Mounted Crossbowman
46:04 Conscription
45:55 Long Swordsman
46:36 Elite Jomsviking
48:45 Hoardings
49:50 Blast Furnace
50:28 Hamask
Connection lost

Rejoining the realm…

Still unreachable

The connection could not be restored.

Session expired

The server has moved on; the page needs a fresh start.